 Dungeon Crawl Stone Soup version 0.30-a0-359-gd0147acb1a (console) character file.

Game seed: 8410927687483815469

20 capslocke the Grave Robber (level 2, -4/19 HPs)
             Began as a Demonspawn Necromancer on Nov 12, 2022.
             Slain by a worm (7 damage)
             ... on level 2 of the Dungeon.
             The game lasted 00:07:24 (1551 turns).

capslocke the Grave Robber (Demonspawn Necromancer) Turns: 1551, Time: 00:07:25

Health: -4/19      AC:  2    Str:  8    XL:     2   Next: 58%
Magic:  0/5        EV: 11    Int: 16    God:
Gold:   23         SH:  3    Dex: 13    Spells: 4/5 levels left

rFire   . . .      SeeInvis .    e - staff of conjuration
rCold   . . .      Faith    .    j - +0 buckler
rNeg    . . .      Spirit   .    a - +0 robe
rPois   .          Reflect  .    (no helmet)
rElec   .          Harm     .    (no cloak)
rCorr   .          Rampage  .    (no gloves)
Will    .....                    (no boots)
Stlth   ++........               (no amulet)
HPRegen 0.23/turn                (no ring)
MPRegen 0.09/turn                (no ring)

@: no status effects
A: weakness stinger 1
a: no special abilities


You were on level 2 of the Dungeon.
You visited 1 branch of the dungeon, and saw 2 of its levels.

You collected 23 gold pieces.

Inventory:

Armour
 a - a +0 robe (worn)
 j - a +0 buckler (worn)
Magical Staves
 e - a staff of conjuration (weapon)
Scrolls
 d - a scroll of teleportation {unknown}
 f - a scroll of brand weapon {unknown}
 i - a scroll of identify {unknown}
 k - a scroll of magic mapping {unknown}
 m - a scroll of summoning {unknown}
Potions
 b - a potion of magic
 c - 2 potions of degeneration {unknown}
 g - a potion of flight {unknown}
 h - 2 potions of heal wounds {unknown}
 l - a potion of might {unknown}


   Skills:
 + Level 1.9 Dodging
 - Level 1.7 Stealth
 + Level 2.2 Spellcasting
 + Level 5.0 Necromancy


You had 4 spell levels left.
You knew the following spells:

 Your Spells              Type           Power      Damage    Failure   Level
a - Necrotise             Necr           68%        1d7       3%          1

Your spell library contained the following spells:

 Spells                   Type           Power      Damage    Failure   Level
 Vampiric Draining        Necr           17%        2d7       11%         3
 Animate Dead             Necr           17%        N/A       34%         4
 Agony                    Necr           17%        N/A       67%         5


Dungeon Overview and Level Annotations

Branches:
Dungeon (2/15)

Altars:


Innate Abilities, Weirdness & Mutations

You have a small tail.


Message History

The worm barely resists.
The worm barely misses you.
You hit the worm but do no damage.
The worm is severely wounded.
You completely miss the worm.
The worm is severely wounded.
The worm barely misses you.
You hit the worm but do no damage.
The worm is severely wounded.
The worm bites you.
You hit the worm.
The worm is severely wounded.
The worm bites you.
Casting: Necrotise (safe; 3% risk of failure)
Confirm with . or Enter, or press ? or * to list all spells.
Aiming: Necrotise (safe; 3% risk of failure)
Press: ? - help, Shift-Dir - straight line, f/p - worm
Aim: a worm (lightly wounded, chance to affect: 81%)
The worm writhes in agony.
Casting: Necrotise (safe; 3% risk of failure)
Confirm with . or Enter, or press ? or * to list all spells.
Aiming: Necrotise (safe; 3% risk of failure)
Press: ? - help, Shift-Dir - straight line, f/p - worm
Aim: a worm (moderately wounded, chance to affect: 81%)
The worm writhes in agony.
You hit the worm but do no damage.
The worm is heavily wounded.
You barely miss the worm.
The worm is heavily wounded.
The worm bites you!
Ouch! That really hurt!
* * * LOW HITPOINT WARNING * * *
You hit the worm.
The worm is heavily wounded.
The worm barely misses you.
You completely miss the worm.
The worm is moderately wounded.
You hit the worm. You tail-slap the worm.
The worm is heavily wounded.
The worm bites you!
You die...

#.....#.#..####.#.....
#.....#'#.......####..
#............#### .
#.............#
#....[........#
#......<......#
##............#
#....w.......#
#...@........#
#...........##
#...........#
#...........#
########....# .....
..... ..


You could see a worm.

Vanquished Creatures
  A dart slug (D:1)
  2 bats
  An endoplasm (D:1)
  2 giant cockroaches
  A hobgoblin (D:1)
  4 kobolds (D:1)
  A ball python (D:1)
  2 frilled lizards
  2 goblins (D:1)
16 creatures vanquished.

Notes
Turn   | Place    | Note
-------+----------+-------------------------------------------
     0 | D:1      | capslocke the Demonspawn Necromancer began the quest for
                  | the Orb.
     0 | D:1      | Reached XP level 1. HP: 13/13 MP: 3/3
   219 | D:1      | You fall into a shaft and drop 1 floor!
   292 | D:1      | Gained mutation: You have a small tail. [demonic ancestry]
   292 | D:1      | Reached XP level 2. HP: 19/19 MP: 1/5
   881 | D:1      | Found a faded altar of an unknown god.
  1295 | D:2      | Reached skill level 5 in Necromancy
  1551 | D:2      | Slain by a worm

Illustrated notes

Levels and vault maps discovered:
D:1:      wander_arrival_desolate, layout_basic,
          shapermc_ecumenical_altar_hornbeckon, minivault_27, st_stairs_3
D:2:      layout_basic

Skill      XL: |  1  2 |
---------------+-------+-----
Necromancy     | 5 |  5.0
Dodging        | |  1.9
Stealth        | |  1.7
Spellcasting   | |  2.2

Action                   || total
-------------------------++-------
Melee: Unarmed           ||    15
       Staff             ||    23
       Tailslap          ||     3
 Cast: Necrotise         ||    42
Armor: Robe              ||     5
Dodge: Dodged            ||    25
Block: Buckler           ||     5

Table legend: (Time is in decaauts)
 A = Elapsed time spent in this place.
 B = Non-inter-level travel time spent in this place.
 C = Inter-level travel time spent in this place.
 D = Time resting spent in this place.
 E = Time spent auto-exploring this place.
 F = Levels seen in this place.
 G = Mean time per level.
                   A        B        C        D        E       F      G
               +--------+--------+--------+--------+--------+-----+--------+
         Total |   1561 |   1520 |     41 |    127 |   1119 |   2 |  780.5 |
       Dungeon |   1561 |   1520 |     41 |    127 |   1119 |   2 |  780.5 |
               +--------+--------+--------+--------+--------+-----+--------+

Top non-repeatable levels by time:
     D:1: 1283 daAuts
     D:2: 277 daAuts
